 Dungeon Crawl Stone Soup version 0.31-a0-853-gc9b61b78f7 (webtiles) character file.

Game seed: 919030158378748637

308 CrazyBamboolord the Gusty (level 6, -3/35 HPs)
             Began as a Tengu Air Elementalist on Oct 8, 2023.
             Slain by Grinder (5 damage)
             ... on level 4 of the Dungeon.
             The game lasted 00:07:48 (3650 turns).

CrazyBamboolord the Gusty (Tengu Air Elementalist)  Turns: 3650, Time: 00:07:49

Health: -3/35      AC:  5    Str:  8    XL:     6   Next: 40%
Magic:  0/11       EV: 13    Int: 18    God:
Gold:   134        SH:  0    Dex: 14    Spells: 5/11 levels left

rFire   . . .        l - +0 dagger (drain)
rCold   . . .        (no shield)
rNeg    . . .        a - +0 robe
rPois   .            (helmet restricted)
rElec   .            (no cloak)
rCorr   +            f - +2 pair of gloves
SInv    .            (boots unavailable)
Will    .....        (no amulet)
Stlth   ++           d - ring of resist corrosion
HPRegen 0.25/turn    (no ring)
MPRegen 0.12/turn

%: acrobat
@: no status effects
A: beak, talons 3, acrobatic
a: no special abilities


You were on level 4 of the Dungeon.
You visited 1 branch of the dungeon, and saw 4 of its levels.

You collected 134 gold pieces.

Inventory:

Hand Weapons
 l - a +0 dagger of draining (weapon)
Armour
 a - a +0 robe (worn)
 f - a +2 pair of gloves (worn)
Jewellery
 d - a ring of resist corrosion (left hand)
 i - a ring of ice
Scrolls
 b - a scroll of enchant weapon {unknown}
 c - a scroll of summoning {unknown}
 h - a scroll of poison {unknown}
 k - 2 scrolls of revelation
Potions
 e - a potion of attraction
 g - a potion of berserk rage {unknown}
 j - a potion of degeneration {unknown}


   Skills:
 + Level 1.7 Fighting
 + Level 3.1 Dodging
 + Level 2.9 Stealth
 * Level 3.2 Spellcasting
 * Level 4.0 Conjurations
 * Level 5.6 Air Magic


You had 5 spell levels left.
You knew the following spells:

 Your Spells              Type           Power      Damage    Failure   Level
a - Shock                 Conj/Air       80%        1d8       2%          1
b - Static Discharge      Conj/Air       40%        2-4/arc   3%          2
c - Swiftness             Air            23%        N/A       4%          3

Your spell library contained the following spells:

 Spells                   Type           Power      Damage    Failure   Level
 Airstrike                Air            11%        2d(2-18)  16%         4


Dungeon Overview and Level Annotations

Branches:
Dungeon (4/15)
 Temple: D:4-7

Altars:
Fedhas
The Shining One

Shops:
D:3 [

Annotations:
D:4 Grinder


Innate Abilities, Weirdness & Mutations

You have a beak for a mouth.
You have claws for feet.
You can magically evade attacks while moving or waiting.


Message History

Grinder is severely wounded.
You are struck by an arc of lightning.
Grinder is struck by an arc of lightning.
Grinder is almost dead.
The lightning grounds out.
Grinder says, "Mostly I couldn't keep them alive."
Grinder gestures at you. Pain shoots through your body!
Casting: Static Discharge (safe; 3% risk of failure)
Confirm with . or Enter, or press ? or * to list all spells.
Grinder is struck by an arc of lightning.
Grinder is almost dead.
You are struck by an arc of lightning.
The lightning grounds out.
Grinder gestures at you. You resist with significant effort.
You barely miss Grinder. Your kick misses Grinder.
Grinder is almost dead.
Grinder hits you.
You hit Grinder but do no damage.
Grinder is almost dead.
Grinder says, "Just stop there for a second..."
Grinder hits you!
You writhe in agony.
* * * LOW HITPOINT WARNING * * *
Unknown command.
Okay, then.
You hit Grinder but do no damage. You peck Grinder, but do no damage.
Grinder is almost dead.
Grinder hits you.
* * * LOW HITPOINT WARNING * * *
You writhe in agony.
* * * LOW HITPOINT WARNING * * *
Unknown command.
Okay, then.
You hit Grinder. Your kick misses Grinder. Your peck misses Grinder.
Grinder is almost dead.
Grinder hits you.
* * * LOW HITPOINT WARNING * * *
You writhe in agony.
You die...
Grinder says, "Now the real fun starts!"

# #. .# #. .?# ##.
...#######..# ##..
#..........# ##...
##5.# #....
#####@.## #....
##...#.## #..†<
##..#.#.# ........
##..#..#.#
..#.....
#######..#.....#
#.....
###.......##..####
##....
....#####.......#
#...O ....##
#.......# #....
.....# #.......#
#....


You could see Grinder.

Vanquished Creatures
  An ogre (D:4)
  A phantom (D:4)
  2 sleepcaps
  An iguana (D:4)
  2 adders
  3 dart slugs
  2 orcs (D:3)
  5 ball pythons
  3 endoplasms
  A giant cockroach (D:3)
  5 goblins
  5 hobgoblins
  4 jackals
  6 kobolds
  3 quokkas
  5 bats
  2 frilled lizards
  4 rats
55 creatures vanquished.

Notes
Turn   | Place    | Note
-------+----------+-------------------------------------------
     0 | D:1      | CrazyBamboolord the Tengu Air Elementalist began the quest
                  | for the Orb.
     0 | D:1      | Reached XP level 1. HP: 10/10 MP: 4/4
   230 | D:1      | Reached XP level 2. HP: 12/15 MP: 0/6
   452 | D:1      | Learned a level 2 spell: Static Discharge
  1256 | D:2      | Found a glowing golden altar of the Shining One.
  1292 | D:2      | Reached XP level 3. HP: 20/20 MP: 5/7
  1328 | D:2      | Learned a level 3 spell: Swiftness
  2349 | D:3      | Found a glowing golden altar of the Shining One.
  2519 | D:3      | Found a faded altar of an unknown god.
  2523 | D:3      | Found a blossoming altar of Fedhas.
  2607 | D:3      | Found Fufot's Armour Shop.
  2641 | D:3      | HP: 1/20 [/static electricity (1)]
  2642 | D:3      | Reached skill level 1 in Fighting
  2642 | D:3      | Reached XP level 4. HP: 1/25 MP: 1/8
  3174 | D:4      | Noticed an ogre
  3342 | D:4      | Reached skill level 5 in Air Magic
  3352 | D:4      | Reached XP level 5. HP: 29/29 MP: 3/10
  3443 | D:4      | Noticed a phantom
  3452 | D:4      | Killed a phantom
  3453 | D:4      | Reached XP level 6. HP: 15/34 MP: 2/11
  3636 | D:4      | Noticed Grinder
  3650 | D:4      | Slain by Grinder

Illustrated notes

Levels and vault maps discovered:
D:1:      nicolae_arrival_washed_ashore, layout_loops_ring, serial_forest,
          infiniplex_forest_lined_2, infiniplex_forest_clump_double,
          infiniplex_forest_end_2, infiniplex_forest_clump_diagonal,
          infiniplex_forest_straight_2, infiniplex_forest_straight_2,
          infiniplex_forest_fountain
D:2:      layout_basic, basic_altar
D:3:      layout_loops_cross, nicolae_tso_swordbearing_angel,
          nicolae_overflow_ecumenical_swirl, serial_shops,
          nicolae_shop_just_a_little_nook
D:4:      layout_rooms, uniq_grinder, uniq_ijyb

Skill      XL: |  1  2  3  4  5  6 |
---------------+-------------------+-----
Conjurations   | 2 3 4 |  4.0
Fighting       | 1 |  1.7
Air Magic      | 5 |  5.6
Dodging        | 3 |  3.1
Spellcasting   | 3 |  3.2
Stealth        | |  2.9

Action                     |  1- 3 |  4- 6 || total
---------------------------+-------+-------++-------
  Melee: Unarmed           |     5 |       ||     5
         Kick              |    10 |     2 ||    12
         Peck              |     4 |     2 ||     6
         Dagger            |    13 |     8 ||    21
   Cast: Shock             |    81 |    38 ||   119
         Static Discharge  |     3 |    10 ||    13
    Use: Potion            |     1 |       ||     1
         Scroll            |       |     2 ||     2
 Armour: Robe              |    16 |     7 ||    23
  Dodge: Dodged            |    24 |    10 ||    34

Table legend: (Time is in decaauts)
 A = Elapsed time spent in this place.
 B = Non-inter-level travel time spent in this place.
 C = Inter-level travel time spent in this place.
 D = Time resting spent in this place.
 E = Time spent auto-exploring this place.
 F = Levels seen in this place.
 G = Mean time per level.
                   A        B        C        D        E       F      G
               +--------+--------+--------+--------+--------+-----+--------+
         Total |   3648 |   3514 |    134 |    106 |   3051 |   4 |  912.0 |
       Dungeon |   3648 |   3514 |    134 |    106 |   3051 |   4 |  912.0 |
               +--------+--------+--------+--------+--------+-----+--------+

Top non-repeatable levels by time:
     D:1: 1151 daAuts
     D:3: 1032 daAuts
     D:2: 1011 daAuts
     D:4: 452 daAuts
